 Dungeon Crawl Stone Soup version 0.21.1-74-g47da9253eb (webtiles) character file.

13346 Lavandula the Cleaver (level 11, -4/94 HPs)
             Began as a Centaur Berserker on Aug 13, 2018.
             Was a High Priest of Trog.
             Shot with an arrow by a centaur (8 damage)
             ... on level 2 of the Orcish Mines.
             The game lasted 00:36:32 (6636 turns).

Lavandula the Cleaver (Centaur Berserker)           Turns: 6636, Time: 00:36:33

Health: -4/94      AC:  3    Str: 25    XL:     11   Next: 74%
Magic:  13/13      EV: 11    Int: 13    God:    Trog [*****.]
Gold:   83         SH:  0    Dex:  9    Spells: 10/10 levels left

rFire    + + +     SeeInvis .   H - +3 hand axe of Xuprid {drain, rElec Str-2 Int+7}
rCold    + . .     Gourm    .   (no shield)
rNeg     + . .     Faith    .   M - +3 leather armour
rPois    .         Spirit   .   d - +1 helmet
rElec    +         Reflect  .   w - +0 cloak
rCorr    .         Harm     .   (no gloves)
MR       .....                  (no barding)
Stlth    ..........             N - amulet of regeneration
HPRegen  0.65/turn              S - +5 ring of protection
MPRegen  0.13/turn              b - ring of Kugev {*Corrode rF+++ rC+ rN+ Str+4}

@: corroded, berserk cooldown, very slightly contaminated, very quick
A: large, hooves 3, deformed body, speed 2, tough skin 3
a: Berserk, Trog's Hand, Brothers in Arms, Burn Spellbooks, Renounce Religion


You were on level 2 of the Orcish Mines.
You worshipped Trog.
Trog was extremely pleased with you.
You were not hungry.

You visited 2 branches of the dungeon, and saw 14 of its levels.
You also visited: Labyrinth.

You collected 1026 gold pieces.
You spent 943 gold pieces at shops.

Inventory:

Hand Weapons
 a - a +0 broad axe
 v - a +3 quarterstaff of chaos
 C - a +1 whip of electrocution
 F - a +3 flail of holy wrath
 H - the +3 hand axe of Xuprid (weapon) {drain, rElec Str-2 Int+7}
   (You found it on level 8 of the Dungeon)

   A truly terrible weapon, it drains the life of those it strikes.
   It affects your strength (-2).
   It affects your intelligence (+7).
   It insulates you from electricity.
 P - a +6 blowgun
Missiles
 r - 14 tomahawks (quivered)
 O - 6 curare-tipped needles
Armour
 d - a +1 helmet (worn)
 p - a +1 leather armour of magic resistance
 w - a +0 cloak (worn)
 A - a +1 robe of magic resistance
 M - a +3 leather armour (worn)
 Q - +0 acid dragon scales
Jewellery
 b - the ring of Kugev (right hand) {*Corrode rF+++ rC+ rN+ Str+4}
   (You bought it in a shop on level 2 of the Orcish Mines)

   [ring of protection from cold]

   It affects your strength (+4).
   It renders you almost immune to fire.
   It protects you from cold.
   It protects you from negative energy.
   It may corrode you when you take damage.
 m - an uncursed ring of fire
 K - an uncursed ring of protection from magic
 N - an amulet of regeneration (around neck)
 S - a +5 ring of protection (left hand)
 U - a +4 ring of strength
 W - an uncursed ring of fire
 X - an uncursed ring of protection from fire
Wands
 i - a wand of iceblast (17)
 G - a wand of random effects (41)
 J - a wand of paralysis (9)
 R - a wand of enslavement (15)
Scrolls
 e - 8 scrolls of remove curse
 f - 4 scrolls of magic mapping
 t - 2 scrolls of enchant weapon {unknown}
 z - 2 scrolls of teleportation
 B - a scroll of amnesia
 I - 2 scrolls of noise {unknown}
 T - a scroll of fear {unknown}
Potions
 g - 6 potions of curing
 h - a potion of agility
 j - a potion of haste
 l - 2 potions of resistance
 n - a potion of lignification
 o - a potion of berserk rage
 q - 3 potions of might
 x - 2 potions of magic
 E - a potion of brilliance
Books
 y - a book of Maledictions

   Spells                             Type                      Level
   a - Corona                         Hexes                        1
   b - Ensorcelled Hibernation        Hexes/Ice                    2
   c - Confuse                        Hexes                        3
   d - Tukima's Dance                 Hexes                        3
   e - Dazzling Spray                 Conjuration/Hexes            3
   Trog disapproves of the use of such an item.
 Y - the Grimoire of Earth and Battle Magic
   (You found it in a labyrinth)

   Spells                             Type                      Level
   a - Flame Tongue                   Conjuration/Fire             1
   b - Passwall                       Transmutation/Earth          2
   c - Static Discharge               Conjuration/Air              3
   d - Statue Form                    Transmutation/Earth          6
   Trog disapproves of the use of such an item.
Miscellaneous
 L - a lightning rod (4/4)
Comestibles
 c - 3 rations


   Skills:
 + Level 8.2 Fighting
 - Level 14.2 Axes
 - Level 2.9 Throwing
 - Level 1.3 Armour
 - Level 4.0 Dodging
 - Level 3.8 Evocations


You had 10 spell levels left.
You didn't know any spells.

Dungeon Overview and Level Annotations

Branches:
Dungeon (12/15)            Temple (0/1) D:7             Orc (2/2) D:11
    Elf (0/3) Orc:2
   Lair: D:8-11

Altars:
Elyvilon
Gozag
Kikubaaqudgha
Makhleb
Sif Muna
Vehumet
Wu Jian
Xom
Zin
The Shining One
Beogh

Shops:
D:9 *   Orc:2 (=((

Annotations:
D:3 exclusion: door
D:7 exclusion: oklob sapling


Innate Abilities, Weirdness & Mutations

You have hooves in place of feet.
Armour fits poorly on your strangely shaped body.
You cover ground very quickly.
You have extremely tough skin. (AC +3)


Message History

Your corrosive artefact corrodes you!
You see here an arrow.
Unknown command.
Okay, then.
Evoke which item? (* to show all) (? for menu, Esc to quit)
Okay, then.
Okay, then.
You feel much better.
You feel yourself speed up.
The centaur shoots an arrow.
The arrow hits you.
* * * LOW HITPOINT WARNING * * *
The centaur shoots an arrow.
The arrow barely misses you.
The orc shoots a bolt.
The bolt hits you!
* * * LOW HITPOINT WARNING * * *
Your corrosive artefact corrodes you!
The centaur shoots an arrow.
The arrow barely misses you.
The orc warrior shoots a bolt.
The bolt closely misses you.
The centaur shoots an arrow.
The arrow hits you.
* * * LOW HITPOINT WARNING * * *
The centaur shoots an arrow.
The arrow hits you!
You die...

,,,,,,..#..........≈≈≈* #≈≈≈.....
,,,,,,,..........≈≈≈≈*####≈≈≈≈..)
,,,,,,.,#......≈≈≈≈#*##∩####≈≈≈≈.
,.......#.....≈≈≈≈####...####≈≈≈≈
,,.....................∩.........
,,,o......c.coco.......∩.........
,,o*....#....(≈≈≈≈####...####≈≈≈≈
,,,,*...#.....(≈≈≈≈####∩####≈≈≈≈.
,,,**#...(....((@≈≈≈≈#####≈≈≈≈...
*,** #..#.....(.()(≈≈≈# #≈≈≈.....
*** #.o##...((..).)≈≈# #≈≈......
#...##..##..##)((###(.(##..#
##..((.....(..(()()(........
##(.(..........((.((.......
##########################


You could see an orc warrior, 3 centaurs and an orc.

Vanquished Creatures
  A minotaur (Lab)
  The ghost of Peloso the Carver, a novice MiFi of Okawaru (D:10)
  Pikel (D:5)
  4 orc knights (Orc:2)
  An ugly thing (D:11)
  2 cyclopes (Orc:2)
  A centaur zombie (D:10)
  2 gargoyles (Lab)
  A kobold demonologist (D:11)
  2 hippogriffs
  Sigmund (D:5)
  A steam dragon (D:4)
  Grum (D:10)
  A hungry ghost (D:10)
  Edmund (D:6)
  An acid dragon (D:11)
  3 sky beasts (D:9)
  22 orc warriors
  3 ice beasts
  A slave (D:5)
  A phantom (D:10)
  2 wolves (D:10)
  11 centaurs
  2 ogres
  5 bullfrogs
  2 big kobolds
  5 killer bees (D:9)
  An electric eel (D:6)
  A howler monkey (D:9)
  4 crimson imps
  3 hounds
  Crazy Yiuf (D:3)
  2 jellies
  2 gnoll shamans
  6 orc priests
  6 orc wizards
  An iguana (D:8)
  Natasha (twice) (D:3)
  A centaur skeleton (D:6)
  3 worker ants
  A killer bee zombie (D:8)
  2 hound skeletons
  8 gnolls
  A howler monkey skeleton (D:8)
  8 adders
  A shadow imp (D:6)
  2 oozes
  An adder zombie (D:9)
  An adder skeleton (D:8)
  A worm (D:4)
  3 leopard geckos
  57 orcs
  A ball python (D:4)
  3 bat zombies (D:6)
  2 giant cockroaches
  6 goblins
  A hobgoblin (D:3)
  2 jackals (D:3)
  A quokka (D:6)
  A bat (D:1)
  A frilled lizard (D:4)
  9 kobolds
  A leopard gecko skeleton (D:6)
  2 quokka skeletons
  A quokka zombie (D:6)
  4 rats
  3 rat zombies (D:6)
236 creatures vanquished.

Vanquished Creatures (collateral kills)
  Sonja (D:11)
  Psyche (D:10)
2 creatures vanquished.

Vanquished Creatures (others)
  An orc warrior (Orc:2)
  A centaur (Orc:2)
  A leopard gecko (D:5)
  An orc (Orc:2)
4 creatures vanquished.

Grand Total: 242 creatures vanquished

Notes
Turn   | Place    | Note
-------+----------+-------------------------------------------
     0 | D:1      | Lavandula the Centaur Berserker began the quest for the Orb.
     0 | D:1      | Reached XP level 1. HP: 19/19 MP: 1/1
   148 | D:2      | Reached skill level 3 in Axes
   148 | D:2      | Reached XP level 2. HP: 26/26 MP: 2/2
   307 | D:2      | Found an ornate altar of the Wu Jian Council.
   309 | D:2      | Found a radiant altar of Vehumet.
   309 | D:2      | Found an ancient bone altar of Kikubaaqudgha.
   311 | D:2      | Found a burning altar of Makhleb.
   311 | D:2      | Found a shimmering altar of Xom.
   311 | D:2      | Found a glowing golden altar of the Shining One.
   395 | D:3      | You fall through a shaft for 2 floors!
   395 | D:5      | Entered Level 5 of the Dungeon
   401 | D:6      | Noticed a crimson imp
   414 | D:6      | Killed a crimson imp
   414 | D:6      | Reached skill level 4 in Axes
   414 | D:6      | Reached XP level 3. HP: 14/31 MP: 3/3
   429 | D:5      | Noticed an ice beast
   541 | D:3      | Reached XP level 4. HP: 32/38 MP: 4/4
   541 | D:3      | Reached ** piety under Trog
   630 | D:2      | Found a deep blue altar of Sif Muna.
   725 | D:3      | Found a runed door.
   729 | D:3      | Noticed Crazy Yiuf
   747 | D:3      | Killed Crazy Yiuf
   885 | D:3      | Noticed Natasha
   892 | D:3      | Killed Natasha
   892 | D:3      | Reached skill level 5 in Axes
   892 | D:3      | Reached XP level 5. HP: 28/45 MP: 5/5
   985 | D:3      | Noticed Natasha
   992 | D:3      | Killed Natasha
  1063 | D:4      | Noticed a steam dragon
  1063 | D:4      | a worm changed into a steam dragon
  1069 | D:4      | Killed a steam dragon
  1069 | D:4      | Reached skill level 6 in Axes
  1069 | D:4      | Reached XP level 6. HP: 41/51 MP: 6/6
  1339 | D:5      | Killed an ice beast
  1342 | D:5      | Noticed Pikel
  1342 | D:5      | Noticed a slave
  1342 | D:5      | Noticed a slave
  1342 | D:5      | Noticed a slave
  1342 | D:5      | Noticed a slave
  1345 | D:5      | Killed a slave
  1352 | D:5      | Killed Pikel
  1352 | D:5      | Reached skill level 8 in Axes
  1352 | D:5      | Reached XP level 7. HP: 32/57 MP: 7/7
  1509 | D:6      | Reached skill level 1 in Evocations
  1529 | D:5      | Reached XP level 8. HP: 46/63 MP: 7/9
  1671 | D:5      | Noticed Sigmund
  1674 | D:5      | Killed Sigmund
  1854 | D:5      | Found a white marble altar of Elyvilon.
  1854 | D:5      | Found a glowing silver altar of Zin.
  2009 | D:6      | Found an opulent altar of Gozag.
  2013 | D:6      | Noticed Edmund
  2032 | D:6      | Killed Edmund
  2154 | D:6      | Reached *** piety under Trog
  2292 | D:6      | Found an ancient bone altar of Kikubaaqudgha.
  2636 | D:7      | Noticed a hippogriff
  2645 | D:7      | Killed a hippogriff
  2645 | D:7      | Reached skill level 5 in Fighting
  2645 | D:7      | Reached XP level 9. HP: 74/74 MP: 11/11
  2729 | D:7      | Found a staircase to the Ecumenical Temple.
  2920 | D:8      | Got an ichor-stained hand axe
  2949 | D:8      | Identified the cursed +3 hand axe of Xuprid {drain, rElec Str-2 Int+7} (You found it on level 8 of the Dungeon)
  3101 | D:8      | Reached skill level 9 in Axes
  3455 | D:9      | HP: 2/74 [centaur (8)]
  3486 | D:9      | Reached skill level 10 in Axes
  3593 | D:10     | Entered Level 10 of the Dungeon
  3598 | D:10     | Reached **** piety under Trog
  3745 | D:9      | Found Ileyneru's General Store.
  3749 | D:9      | Bought a scroll of identify for 28 gold pieces
  3749 | D:9      | Bought a scroll of enchant armour for 105 gold pieces
  3749 | D:9      | Bought a potion of curing for 42 gold pieces
  3749 | D:9      | Bought a scroll of identify for 28 gold pieces
  3854 | D:10     | Noticed Psyche
  4001 | D:10     | Noticed Peloso's ghost (novice MiFi)
  4006 | D:10     | Noticed Grum
  4020 | D:10     | Killed Grum
  4022 | D:10     | Reached skill level 11 in Axes
  4036 | D:10     | Killed Peloso's ghost
  4036 | D:10     | Reached XP level 10. HP: 55/81 MP: 12/12
  4111 | D:10     | Killed Psyche
  4478 | D:11     | Reached skill level 12 in Axes
  4523 | D:11     | Noticed a green ugly thing
  4532 | D:11     | Killed a green ugly thing
  4564 | D:11     | Noticed Sonja
  4579 | D:11     | Killed Sonja
  4750 | D:11     | Found a roughly hewn altar of Beogh.
  4750 | D:11     | Found a staircase to the Orcish Mines.
  4888 | D:11     | Reached skill level 13 in Axes
  4956 | Orc:1    | Entered Level 1 of the Orcish Mines
  5075 | Orc:2    | Entered Level 2 of the Orcish Mines
  5101 | Orc:2    | Noticed an orc knight
  5134 | Orc:2    | Found a labyrinth entrance.
  5143 | Lab      | Entered a labyrinth
  5231 | Lab      | Noticed a gargoyle
  5233 | Lab      | Noticed a gargoyle
  5243 | Lab      | Killed a gargoyle
  5245 | Lab      | Killed a gargoyle
  5245 | Lab      | Reached XP level 11. HP: 52/88 MP: 13/13
  5399 | Lab      | Noticed a minotaur
  5408 | Lab      | Killed a minotaur
  5411 | Lab      | Identified the Grimoire of Earth and Battle Magic
  5528 | Orc:2    | Killed an orc knight
  5611 | Orc:1    | Noticed a stone giant
  5616 | Orc:2    | Found a staircase to the Elven Halls.
  5628 | Orc:2    | Reached skill level 14 in Axes
  5997 | Orc:2    | Noticed an orc knight
  6090 | Orc:2    | Killed an orc knight
  6244 | Orc:2    | Noticed an orc knight
  6299 | Orc:2    | Killed an orc knight
  6405 | Orc:2    | Reached ***** piety under Trog
  6543 | Orc:2    | Found Xuth's Jewellery Shop.
  6543 | Orc:2    | Found Ixixa's Weapon Shoppe.
  6545 | Orc:2    | Found Mamneure's Antique Weapon Emporium.
  6547 | Orc:2    | Found Axzudyepn's Weapon Boutique.
  6561 | Orc:2    | Bought the ring of Kugev {*Corrode rF+++ rC+ rN+ Str+4} for 740 gold pieces
  6583 | Orc:2    | Noticed an orc knight
  6592 | Orc:2    | Killed an orc knight
  6630 | Orc:2    | HP: 3/94 [centaur/arrow (4)]
  6636 | Orc:2    | HP: 4/94 [centaur/arrow (5)]
  6636 | Orc:2    | Shot with an arrow by a centaur

Skill      XL: |  1  2  3  4  5  6  7  8  9 10 11 |
---------------+----------------------------------+-----
Axes           | 3 4 5 6 8 11 13 14 | 14.2
Evocations     | 2 3 |  3.8
Dodging        | 4 |  4.0
Fighting       | 5 8 |  8.2
Throwing       | 2 |  2.9
Armour         | |  1.3

Action                   |  1- 3 |  4- 6 |  7- 9 | 10-12 || total
-------------------------+-------+-------+-------+-------++-------
Melee: Hand axe          |    48 |     9 |   153 |   285 ||   495
       Kick              |     5 |     6 |    66 |    70 ||   147
       Quarterstaff      |       |    62 |    62 |       ||   124
       Whip              |       |       |    72 |       ||    72
Throw: Tomahawk          |       |     1 |       |     5 ||     6
Invok: Berserk           |     3 |     6 |     9 |     9 ||    27
       Trog's Hand       |       |     1 |     1 |     2 ||     4
       Brothers in Arms  |       |       |       |     2 ||     2
Evoke: Wand              |       |       |     1 |     5 ||     6
  Use: Scroll            |       |     2 |     9 |     5 ||    16
       Potion            |       |       |     2 |     5 ||     7
 Stab: Paralysed         |       |     4 |       |       ||     4
       Invisible         |       |       |       |     4 ||     4
  Eat: Chunk             |       |     8 |    13 |     1 ||    22
       Ration            |       |       |     1 |     6 ||     7
Armor: Animal skin       |    11 |       |       |       ||    11
       Leather armour    |       |    24 |   110 |    97 ||   231
       Ring mail         |       |     1 |       |       ||     1
Dodge: Dodged            |    18 |    36 |   123 |   161 ||   338
